 Dungeon Crawl Stone Soup version 0.30-b1-2-g02819fbbbe (webtiles) character file.

Game seed: 12780496913104043060

141768 Flugkiller the Spry (level 17, 0/108 HPs)
             Began as a Tengu Ice Elementalist on May 21, 2023.
             Was a Priest of Uskayaw.
             Slain by a jumping spider (13 damage)
             ... led by a torpor snail
             ... on level 3 of the Spider Nest.
             The game lasted 01:02:37 (25849 turns).

Flugkiller the Spry (Tengu Ice Elementalist)       Turns: 25849, Time: 01:02:37

Health: 0/108      AC: 14    Str:  9    XL:     17   Next: 33%
Magic:  28/32      EV: 24    Int: 28    God:    Uskayaw [***...]
Gold:   1733       SH:  7    Dex: 16    Spells: 15/36 levels left

rFire   . . .        W - +10 quick blade of Porhud {freeze, SInv}
rCold   . . .        B - +1 buckler of Ugeleh {rElec}
rNeg    + + .        T - +4 troll leather armour
rPois   +            (helmet restricted)
rElec   +            M - +2 cloak {rCorr}
rCorr   +            H - +2 pair of gloves
SInv    +            (boots unavailable)
Will    +....        O - amulet of regeneration
Stlth   +++++        o - ring of poison resistance
HPRegen 1.98/turn    g - ring of Woduiz {rN++ Int+6}
MPRegen 0.23/turn

%: clarity
@: flying quickly and evasively, slowed, very slow
A: beak, talons 3, nimble flight, see invisible, clarity, sturdy frame 1
a: Renounce Religion, Stomp, Line Pass


You were on level 3 of the Spider Nest.
You worshipped Uskayaw.
Uskayaw was aware of your devotion.
You visited 5 branches of the dungeon, and saw 26 of its levels.
You also visited: Sewer and Ice Cave.

You collected 2453 gold pieces.
You spent 720 gold pieces at shops.

Inventory:

Hand Weapons
 L - a +3 vampiric short sword
   (You took it off Maurice on level 8 of the Dungeon)
 W - the +10 quick blade of Porhud (weapon) {freeze, SInv}
   (You acquired it on level 9 of the Dungeon)

   SInv:      It lets you see invisible.
Missiles
 C - 2 throwing nets
 Q - 3 curare-tipped darts
Armour
 B - the +1 buckler of Ugeleh (worn) {rElec}
   (You found it on level 6 of the Dungeon)

   rElec:     It insulates you from electricity.
 H - a +2 pair of gloves (worn)
   (You found it on level 7 of the Dungeon)
 M - a +2 cloak of preservation (worn)
   (You bought it in a shop on level 6 of the Dungeon)
 N - a +2 robe of fire resistance
   (You took it off an orc wizard on level 7 of the Dungeon)
 T - a +4 troll leather armour (worn)
   (You found it on level 9 of the Dungeon)
 X - a scarf of resistance
   (You found it on level 13 of the Dungeon)
Jewellery
 f - a ring of protection from fire
   (You found it on level 6 of the Dungeon)
 g - the ring of Woduiz (right hand) {rN++ Int+6}
   (You found it on level 14 of the Dungeon)

   [ring of intelligence]

   Int:       It affects your intelligence (+6).
   rN:        It greatly protects you from negative energy.
 m - a ring of willpower
   (You found it on level 2 of the Dungeon)
 o - a ring of poison resistance (left hand)
   (You found it on level 5 of the Dungeon)
 p - a ring of protection from fire
   (You found it on level 14 of the Dungeon)
 O - an amulet of regeneration (around neck)
   (You bought it in a shop on level 5 of the Dungeon)
 U - a ring of ice
   (You found it on level 5 of the Lair of Beasts)
Wands
 a - a wand of charming (18)
   (You took it off Psyche on level 8 of the Dungeon)
 k - a wand of iceblast (4)
   (You found it on level 13 of the Dungeon)
 l - a wand of flame (43)
   (You took it off Ijyb on level 3 of the Dungeon)
 I - a wand of mindburst (32)
   (You found it on level 12 of the Dungeon)
 J - a wand of polymorph (15)
   (You found it on level 6 of the Dungeon)
Scrolls
 e - 4 scrolls of fear
 h - 2 scrolls of enchant armour
 s - 7 scrolls of magic mapping
 t - 14 scrolls of teleportation
 u - 2 scrolls of butterflies
 A - a scroll of silence
 D - 3 scrolls of immolation
 E - 2 scrolls of vulnerability
 F - 2 scrolls of amnesia
 P - a scroll of acquirement
 R - 2 scrolls of fog
 V - a scroll of poison
Potions
 b - 2 potions of magic
 c - 2 potions of cancellation {unknown}
 d - 9 potions of might
 j - 3 potions of brilliance
 n - 3 potions of resistance
 q - 3 potions of curing
 r - a potion of ambrosia {unknown}
 v - a potion of invisibility
 w - 7 potions of heal wounds
 x - 2 potions of berserk rage
 G - 3 potions of mutation
 K - 3 potions of attraction
 Y - 5 potions of lignification
 Z - 3 potions of haste {unknown}
Miscellaneous
 i - a phial of floods (inert)
   (You found it on level 1 of the Spider Nest)
 y - a box of beasts
   (You found it on level 5 of the Lair of Beasts)


   Skills:
 - Level 13.0 Fighting
 - Level 8.0 Short Blades
 + Level 15.2 Dodging
 - Level 12.0 Stealth
 - Level 7.0 Shields
 - Level 10.0 Spellcasting
 - Level 6.0 Summonings
 - Level 5.0 Translocations
 - Level 7.0 Ice Magic
 - Level 7.0 Air Magic
 + Level 11.6 Invocations
 - Level 4.0 Evocations


You had 15 spell levels left.
You knew the following spells:

 Your Spells              Type           Power      Damage    Failure   Level
a - Freeze                Ice            100%       1d10      1%          1
b - Frozen Ramparts       Ice            100%       1d16      1%          3
c - Ozocubu's Armour      Ice            52%        N/A       1%          3
d - Summon Ice Beast      Ice/Summ       50%        N/A       4%          4
e - Vhi's Electric Charg  Tloc/Air       94%        N/A       1%          3
f - Lesser Beckoning      Tloc           84%        N/A       1%          2
r - Blink                 Tloc           84%        N/A       1%          2
w - Swiftness             Air            52%        N/A       1%          3

Your spell library contained the following spells:

 Spells                   Type           Power      Damage    Failure   Level
 Apportation              Tloc           84%        N/A       1%          1
 Summon Small Mammal      Summ           100%       N/A       1%          1
 Ensorcelled Hibernation  Hex/Ice        66%        N/A       2%          2
 Gell's Gravitas          Tloc           42%        N/A       2%          3
 Teleport Other           Tloc           42%        N/A       2%          3
 Cigotuvi's Dreadful Rot  Necr/Pois/Air  54%        N/A       3%          2
 Necrotise                Necr           56%        1d6       6%          1
 Sandblast                Erth           28%        2d8       6%          1
 Portal Projectile        Hex/Tloc       56%        N/A       6%          3
 Passwall                 Tmut/Erth      11%        N/A       9%          2
 Stone Arrow              Conj/Erth      28%        3d8       19%         3
 Tukima's Dance           Hex            14%        N/A       19%         3
 Vampiric Draining        Necr           14%        2d7       19%         3
 Animate Dead             Necr           14%        N/A       52%         4
 Agony                    Necr           14%        N/A       86%         5
 Blade Hands              Tmut           7%         N/A       86%         5
 Simulacrum               Ice/Necr       16%        N/A       91%         6
 Ozocubu's Refrigeration  Ice            26%        4d13      96%         7
 Malign Gateway           Summ/Tloc      22%        N/A       99%         7
 Haunt                    Necr/Summ      15%        N/A       100%        7
 Infestation              Necr           7%         N/A       100%        8
 Polar Vortex             Ice            26%        N/A       100%        9


Dungeon Overview and Level Annotations

Branches:
Dungeon (15/15) Zot: 25588  Temple (1/1) D:7 Zot: 5941    Lair (5/5) D:8 Zot: 25943
 Shoals (0/4) Lair:2       Spider (3/4) Lair:3 Zot: 16174     Orc (2/2) D:10 Zot: 10921
    Elf (0/3) Orc:2        Vaults (0/5) D:13         Depths (0/4) D:15
  Sewer (visited)           IceCv (visited)
  Slime: Lair:4-5

Altars:
Ashenzari
Cheibriados
Elyvilon
Fedhas
Gozag
Kikubaaqudgha
Makhleb
Nemelex Xobeh
Okawaru
Qazlal
Ru
Sif Muna
Trog
Uskayaw
Vehumet
Wu Jian
Xom
Zin
The Shining One
Jiyva

Shops:
D:5 =   D:6 [   D:15 *   Orc:2 ![:(

Annotations:
D:4 exclusion: ogre
D:15 3 runed translucent doors, ZLogic's ghost, journeyman SpEn
Lair:5 exclusion: 3 oklob plants


Innate Abilities, Weirdness & Mutations

You have a beak for a mouth.
You have claws for feet.
Your magical nature lets you fly swiftly and evasively.
You have supernaturally acute eyesight. (SInv)
You possess an exceptional clarity of mind.
Your movements are slightly less encumbered by armour. (ER -2)


Message History

You hit the culicivora but do no damage.
You claw the culicivora.
The culicivora is lightly wounded.
The jumping spider leaps!
The culicivora barely misses you.
You puncture the culicivora! You freeze the culicivora.
The culicivora is moderately wounded.
Uskayaw will force your foes to helplessly watch your dance.
You miss the culicivora. You claw the culicivora.
Your peck misses the culicivora.
The culicivora is moderately wounded.
The jumping spider leaps!
You block the jumping spider's attack.
The jumping spider bites you but does no damage.
You closely miss the wolf spider. Your kick misses the wolf spider.
You hit the wolf spider but do no damage.
The jumping spider misses you.
The jumping spider completely misses you.
You closely miss the culicivora. You claw the culicivora.
The culicivora is heavily wounded.
The wolf spider hits you but does no damage.
The wolf spider misses you. The jumping spider closely misses you.
The jumping spider misses you. You block the culicivora's attack.
You puncture the culicivora! You freeze the culicivora.
Your kick misses the culicivora.
The culicivora is severely wounded.
The jumping spider barely misses you. x2
You puncture the culicivora! You freeze the culicivora.
You kill the culicivora!
The wolf spider closely misses you. You block the wolf spider's attack.
You closely miss the wolf spider. You claw the wolf spider.
You peck the wolf spider.
The wolf spider is lightly wounded.
You block the jumping spider's attack.
The jumping spider bites you but does no damage.
The jumping spider misses you.
The jumping spider bites you but does no damage.
Being near the torpor snail leaves you feeling lethargic.
You hit the wolf spider. You freeze the wolf spider. You claw the wolf spider.
You peck the wolf spider.
The wolf spider is moderately wounded.
The wolf spider closely misses you. x2; You block the jumping spider's attack.
The jumping spider misses you. The jumping spider pounces on you!
The jumping spider barely misses you.
Uskayaw will force your foes to share their pain.
Uskayaw links your audience in an emotional bond!
You puncture the wolf spider! You freeze the wolf spider.
You claw the wolf spider, but do no damage.
You peck the wolf spider, but do no damage.
The wolf spider is severely wounded.
You hit the wolf spider. You freeze the wolf spider.
Your kick misses the wolf spider.
The wolf spider is severely wounded.
The wolf spider closely misses you. x2; The jumping spider pounces on you!
You are caught in a web!
The jumping spider bites you but does no damage.
The jumping spider pounces on you.
The jumping spider bites you but does no damage.
You are caught in a web!
You struggle to detach yourself from the web.
The wolf spider barely misses you. The wolf spider bites you!
You are poisoned.
The wolf spider poisons you! The jumping spider pounces on you!
You are even more entangled.
The jumping spider misses you. The jumping spider pounces on you!
The jumping spider bites you but does no damage.
The wolf spider hits you! The wolf spider bites you!
* * * LOW HITPOINT WARNING * * *
The jumping spider pounces on you.
* * * LOW HITPOINT WARNING * * *
The jumping spider bites you.
* * * LOW HITPOINT WARNING * * *
The jumping spider completely misses you.
The jumping spider barely misses you.
You are too injured to fight recklessly!
Unknown command.
Okay, then.
You feel better.
The wolf spider is no longer sharing its pain.
The wolf spider hits you!
* * * LOW HITPOINT WARNING * * *
The wolf spider barely misses you. The jumping spider closely misses you.
The jumping spider misses you. The jumping spider pounces on you.
* * * LOW HITPOINT WARNING * * *
The jumping spider bites you.
* * * LOW HITPOINT WARNING * * *
The wolf spider misses you. The wolf spider completely misses you.
The jumping spider pounces on you but does no damage.
The jumping spider bites you but does no damage.
The jumping spider pounces on you!
* * * LOW HITPOINT WARNING * * *
The jumping spider bites you but does no damage.
The wolf spider misses you.
The wolf spider bites you but does no damage.
Aiming: Line Pass
Press: ? - help, Dir - move target The wolf spider appears confused.
The torpor snail appears confused.
The jumping spider is no longer sharing its pain.
The jumping spider leaps!
The wolf spider hits the torpor snail!
The wolf spider bites the torpor snail!
You block the jumping spider's attack. The jumping spider barely misses you.
The jumping spider pounces on you!
You die...

....## #...##
.....#
###..#...#
....##
#####....#...
...##
##..##..###..
..##
#...^#..##.>#
.##
#^....>#...#
##
###..^.##..#
# #...####..#
#...†○†w@.#
#^..#..sss.#
##^##....^##
## #..#.##
######


You could see a torpor snail (confused, pain bonded), a wolf spider (confused)
and 2 jumping spiders.

Vanquished Creatures
  Nikola (Spider:2)
  Arachne (Spider:2)
  Mlioglotl (Spider:1)
  Jorgrun (Orc:2)
  Kirke (Spider:3)
  Donald (Orc:2)
  3 emperor scorpions
  A ghost moth (Spider:3)
  A broodmother (Spider:3)
  The ghost of Laowois the Severer, a journeyman MiBe of Trog (D:14)
  Azrael (Spider:3)
  2 blizzard demons (IceCv)
  The ghost of Yqoodd the Thaumaturge, a journeyman GnWr of Kikubaaqudgha (D:13)
  2 fire dragons
  2 entropy weavers
  An ice dragon (D:15)
  Erolcha (Orc:2)
  5 hydras
  A caustic shrike simulacrum (IceCv)
  2 ogre magi
  A radroach (Spider:2)
  3 catoblepae
  8 two-headed ogres
  5 centaur warriors
  4 death yaks (Lair:5)
  6 boulder beetles
  A vampire mage (D:15)
  Nergalle (D:10)
  Amaemon (D:10)
  3 skysharks
  2 skeletal warriors (D:15)
  2 golden dragon zombies (D:15)
  2 sun moths
  A bog body (IceCv)
  2 orb spiders (Spider:1)
  3 steelbarb worms (Spider:1)
  A lindwurm (Lair:5)
  6 spriggan simulacra (IceCv)
  A necromancer (D:15)
  3 orc knights
  A deep elf pyromancer (D:13)
  An obsidian statue (IceCv)
  A frost giant zombie (D:15)
  8 orc sorcerers (Orc:2)
  4 wolf spiders
  5 cyclopes
  A moth of wrath (Spider:2)
  15 ugly things
  9 elephants
  15 slime creatures
  9 black mambas
  5 demonic crawlers
  Maurice (D:8)
  3 molten gargoyles
  An orange demon (D:10)
  2 torpor snails (Spider:1)
  A gargoyle (D:10)
  7 cane toads
  2 unseen horrors
  7 rime drakes
  Psyche (D:8)
  2 kobold demonologists
  2 efreet
  2 freezing wraiths (IceCv)
  13 ice devils (IceCv)
  3 anaconda simulacra (IceCv)
  15 komodo dragons
  6 trolls
  A meliai (D:15)
  A hornet (D:7)
  7 polar bears
  A tarantella (shapeshifter) (D:14)
  9 tarantellas
  15 dream sheep
  25 blink frogs
  15 jumping spiders
  A snapping turtle (Lair:2)
  An ettin skeleton (D:15)
  A vampire (D:13)
  2 dire elephant simulacra (IceCv)
  A spriggan (Lair:1)
  Sigmund (D:6)
  3 wraiths
  31 yaks
  A shadow (D:11)
  3 fire elementals (Spider:3)
  5 wyverns (Lair:5)
  A water elemental (D:15)
  8 basilisks
  12 culicivoras
  6 hogs (Spider:3)
  Eustachio (D:4)
  10 minotaur simulacra (IceCv)
  10 vampire mosquitoes
  6 neqoxecs (D:14)
  35 redbacks
  2 wargs
  A harpy simulacrum (IceCv)
  A hydra simulacrum (IceCv)
  8 water moccasins
  4 acid dragons
  Duvessa (D:6)
  7 hell hounds
  A meliai simulacrum (D:15)
  3 ice beasts
  An alligator simulacrum (IceCv)
  21 orc warriors
  An ettin simulacrum (IceCv)
  4 black bears
  15 wolves
  2 ogres
  6 centaurs
  5 kobold brigands
  9 bullfrogs
  2 scorpions
  A gnoll sergeant (D:11)
  7 deep troll simulacra (IceCv)
  20 wights
  4 lindwurm simulacra (IceCv)
  11 killer bees (D:11)
  5 electric eels
  6 howler monkeys
  9 lava snakes
  3 hounds
  3 quasits (D:14)
  A jelly (D:6)
  A gnoll bouda (D:5)
  18 orc priests
  8 iguanas
  Ijyb (D:3)
  2 sleepcaps
  26 orc wizards
  Robin (D:2)
  6 adders
  17 gnolls
  5 white imps
  3 worms
  3 dart slugs
  81 orcs
  10 ball pythons
  9 endoplasms
  3 giant cockroaches
  15 goblins
  11 hobgoblins
  5 quokkas
  3 bats
  3 frilled lizards
  24 kobolds
  7 rats
867 creatures vanquished.

Vanquished Creatures (collateral kills)
  A komodo dragon (Lair:2)
  2 blink frogs (Lair:3)
  Menkaure (D:6)
  An ice beast (D:6)
  Dowan (D:6)
  3 wights (D:6)
  An orc wizard (D:6)
  5 orcs (D:6)
15 creatures vanquished.

Vanquished Creatures (others)
  A human (Spider:3)
  A basilisk (D:15)
  A bush (Lair:2)
  13 fungi
  44 plants
  10 withered plants (D:15)
70 creatures vanquished.

Grand Total: 952 creatures vanquished

Notes
Turn   | Place    | Note
-------+----------+-------------------------------------------
     0 | D:1      | Flugkiller the Tengu Ice Elementalist began the quest for
                  | the Orb.
     0 | D:1      | Reached XP level 1. HP: 10/10 MP: 4/4
   136 | D:1      | Reached XP level 2. HP: 8/15 MP: 3/6
   457 | D:1      | Reached skill level 1 in Fighting
   612 | D:1      | Reached XP level 3. HP: 18/20 MP: 4/7
   842 | D:2      | Learned a level 3 spell: Frozen Ramparts
  1120 | D:2      | Noticed Robin
  1138 | D:2      | Killed Robin
  1139 | D:2      | Reached XP level 4. HP: 24/25 MP: 2/9
  1171 | D:2      | Found a faded altar of an unknown god.
  1358 | D:2      | Found a snail-covered altar of Cheibriados.
  1808 | D:3      | Noticed Ijyb
  1929 | D:3      | Found a broken altar of Ashenzari.
  2466 | D:3      | Killed Ijyb
  2467 | D:3      | Gained mutation: Your magical nature lets you fly swiftly
                  | and evasively. [Tengu growth]
  2467 | D:3      | Reached XP level 5. HP: 21/30 MP: 1/11
  2574 | D:4      | Reached skill level 3 in Dodging
  2629 | D:4      | Found a glowing drain.
  2666 | Sewer    | Entered a sewer
  2853 | Sewer    | Noticed a kobold brigand
  2862 | Sewer    | Killed a kobold brigand
  2863 | Sewer    | Reached XP level 6. HP: 10/35 MP: 5/12
  3044 | D:4      | Noticed Eustachio
  3051 | D:4      | Killed Eustachio
  3052 | D:4      | Reached skill level 4 in Dodging
  3052 | D:4      | Reached skill level 5 in Ice Magic
  3052 | D:4      | Reached XP level 7. HP: 28/40 MP: 4/14
  3163 | D:4      | Learned a level 3 spell: Ozocubu's Armour
  3168 | D:4      | Learned a level 4 spell: Summon Ice Beast
  3805 | D:5      | Entered Level 5 of the Dungeon
  3897 | D:5      | Reached skill level 1 in Summonings
  4356 | D:5      | Reached skill level 5 in Spellcasting
  4422 | D:5      | Reached XP level 8. HP: 37/44 MP: 7/16
  4703 | D:5      | Found Futaipyd's Jewellery Emporium.
  5033 | D:6      | Noticed Sigmund
  5033 | D:6      | Found Fyocy's Antique Armour Shop.
  5080 | D:6      | Reached skill level 5 in Summonings
  5192 | D:6      | Killed Sigmund
  5249 | D:6      | Noticed Dowan
  5266 | D:6      | Identified the +1 buckler of Ugeleh {rElec}
  5542 | D:6      | Noticed Menkaure
  5600 | D:6      | Reached XP level 9. HP: 28/52 MP: 11/17
  5632 | D:6      | Killed Menkaure
  5633 | D:6      | Reached skill level 1 in Evocations
  5737 | D:6      | Got the Secrets of Filth and the Tesseract
  5737 | D:6      | Noticed Duvessa
  5903 | D:6      | Reached skill level 5 in Dodging
  6150 | D:6      | Killed Duvessa
  6161 | D:6      | Killed Dowan
  6473 | D:7      | Reached skill level 6 in Dodging
  6693 | D:7      | Noticed a hornet
  6701 | D:7      | Killed a hornet
  6826 | D:7      | Found a sacrificial altar of Ru.
  6845 | D:7      | Found a glowing golden altar of the Shining One.
  6919 | D:7      | Reached skill level 7 in Dodging
  7149 | D:7      | Found a staircase to the Ecumenical Temple.
  7159 | Temple   | Entered the Ecumenical Temple
  7203 | Temple   | Became a worshipper of Uskayaw the Reveller
  7301 | D:5      | Bought an amulet of regeneration for 360 gold pieces
  7386 | D:8      | Noticed Maurice
  7392 | D:8      | Reached * piety under Uskayaw
  7394 | D:8      | Reached ** piety under Uskayaw
  7397 | D:8      | Killed Maurice
  7397 | D:8      | Reached *** piety under Uskayaw
  7511 | D:8      | Reached **** piety under Uskayaw
  7513 | D:8      | Reached XP level 10. HP: 52/56 MP: 14/22
  7647 | D:8      | Noticed Psyche
  7657 | D:8      | Killed Psyche
  7719 | D:8      | Found a staircase to the Lair.
  7720 | D:8      | Noticed an elephant
  7746 | D:8      | Reached ***** piety under Uskayaw
  7799 | D:8      | Killed an elephant
  7800 | D:8      | Reached skill level 1 in Short Blades
  7800 | D:8      | Reached skill level 1 in Invocations
  7831 | D:8      | Reached ****** piety under Uskayaw
  9105 | D:9      | Reached skill level 5 in Fighting
  9439 | D:9      | Identified 2 scrolls of acquirement
  9439 | D:9      | Acquired the +10 quick blade of Porhud {freeze, SInv}
  9502 | D:10     | Entered Level 10 of the Dungeon
  9502 | D:10     | Noticed an orange demon
  9504 | D:10     | Noticed Amaemon
  9559 | D:10     | Noticed a gargoyle
  9579 | D:10     | Reached XP level 11. HP: 63/64 MP: 17/24
  9584 | D:10     | Reached skill level 8 in Dodging
  9946 | D:10     | Killed Amaemon
 10003 | D:10     | Noticed Nergalle
 10009 | D:10     | Found a staircase to the Orcish Mines.
 10019 | D:10     | Killed Nergalle
 10020 | D:10     | Reached skill level 5 in Stealth
 10081 | D:10     | Noticed a two-headed ogre
 10095 | D:10     | Killed a two-headed ogre
 10211 | D:10     | Found a radiant altar of Vehumet.
 10383 | D:11     | Reached skill level 9 in Dodging
 10494 | D:11     | Noticed a two-headed ogre
 10509 | D:11     | Killed a two-headed ogre
 11222 | Lair:1   | Entered Level 1 of the Lair of Beasts
 11487 | Lair:1   | Reached skill level 10 in Dodging
 11572 | Lair:1   | Reached XP level 12. HP: 73/73 MP: 25/25
 11807 | Lair:1   | Reached skill level 11 in Dodging
 11818 | Lair:1   | Reached skill level 1 in Shields
 11842 | Lair:1   | Noticed a catoblepas
 11853 | Lair:1   | Killed a catoblepas
 12310 | Lair:2   | Noticed a skyshark
 12338 | Lair:2   | Reached skill level 5 in Shields
 12378 | Lair:2   | Killed a skyshark
 12577 | Lair:2   | Found a staircase to the Shoals.
 12587 | Lair:2   | Reached skill level 5 in Short Blades
 12649 | Lair:3   | Noticed an eight-headed hydra
 12663 | Lair:3   | Killed an eight-headed hydra
 12684 | Lair:3   | Reached skill level 5 in Invocations
 12701 | Lair:3   | Learned a level 3 spell: Swiftness
 12751 | Lair:3   | Reached skill level 1 in Air Magic
 12769 | Lair:3   | Reached XP level 13. HP: 75/80 MP: 20/26
 13075 | Lair:3   | Found a hole to the Spider Nest.
 13761 | Lair:4   | Reached skill level 5 in Air Magic
 13966 | Lair:4   | Reached skill level 10 in Fighting
 14153 | Lair:4   | Learned a level 3 spell: Vhi's Electric Charge
 14447 | Lair:5   | Entered Level 5 of the Lair of Beasts
 14490 | Lair:5   | Reached skill level 1 in Translocations
 14507 | Lair:5   | Reached XP level 14. HP: 88/88 MP: 7/27
 14838 | Lair:5   | Found a viscous altar of Jiyva.
 15238 | Lair:5   | Found a large runed translucent door.
 15238 | Lair:5   | Found a large runed translucent door.
 15617 | D:11     | Learned a level 2 spell: Blink
 15650 | D:12     | Learned a level 2 spell: Lesser Beckoning
 16874 | D:13     | Reached skill level 12 in Dodging
 16908 | D:13     | Reached XP level 15. HP: 56/94 MP: 22/29
 17214 | D:13     | Found a gate to the Vaults.
 17442 | D:13     | Found a runed translucent gate.
 17443 | D:13     | Found a runed translucent gate.
 17449 | D:13     | Noticed Yqoodd's ghost (journeyman GnWr)
 17451 | D:13     | Found a runed translucent gate.
 17664 | D:13     | Identified the +3 morningstar of Hurtling Sudden Death
                  | {holy, rPois}
 17728 | D:13     | Killed Yqoodd's ghost
 18107 | D:14     | Found a transporter.
 18114 | D:14     | Found a blossoming altar of Fedhas.
 18334 | D:6      | Bought an embroidered cloak for 150 gold pieces
 18524 | D:14     | Found a transporter.
 18810 | D:14     | Noticed Laowois's ghost (journeyman MiBe)
 18874 | D:15     | Entered Level 15 of the Dungeon
 18874 | D:15     | Found a runed translucent gate.
 18875 | D:15     | Found a runed translucent gate.
 18875 | D:15     | Found a runed translucent gate.
 18875 | D:15     | Found an opulent altar of Gozag.
 18963 | D:15     | Found a staircase to the Depths.
 19412 | D:15     | Found a frozen archway.
 19452 | D:15     | Reached skill level 5 in Translocations
 19480 | IceCv    | Entered an ice cave
 19687 | IceCv    | Reached skill level 10 in Spellcasting
 19949 | IceCv    | Reached skill level 13 in Dodging
 20082 | IceCv    | Reached XP level 16. HP: 73/101 MP: 27/31
 20474 | IceCv    | HP: 2/101 [caustic shrike simulacrum (22)]
 20942 | D:15     | Reached skill level 10 in Stealth
 21025 | D:15     | Noticed ZLogic's ghost (journeyman SpEn)
 21027 | D:15     | Found Waorgh's Assorted Antiques.
 21659 | Orc:1    | Entered Level 1 of the Orcish Mines
 21780 | Orc:2    | Entered Level 2 of the Orcish Mines
 21792 | Orc:2    | Noticed Donald
 21813 | Orc:2    | Killed Donald
 22042 | Orc:2    | Found a staircase to the Elven Halls.
 22066 | Orc:2    | Noticed Jorgrun
 22100 | Orc:2    | Killed Jorgrun
 22101 | Orc:2    | Reached skill level 10 in Invocations
 22289 | Orc:2    | Found a radiant altar of Vehumet.
 22289 | Orc:2    | Noticed Erolcha
 22310 | Orc:2    | Killed Erolcha
 22370 | Orc:2    | Found Nixoask's Antique Armour Shop.
 22378 | Orc:2    | Found an ancient bone altar of Kikubaaqudgha.
 22509 | Orc:2    | Found Voigran's Distillery.
 22517 | Orc:2    | Found Aziusej's Book Boutique.
 22519 | Orc:2    | Bought a potion of heal wounds for 70 gold pieces
 22519 | Orc:2    | Bought a potion of heal wounds for 70 gold pieces
 22519 | Orc:2    | Bought a potion of heal wounds for 70 gold pieces
 22562 | Orc:2    | Found Xyucweoh's Antique Weapon Boutique.
 23101 | D:14     | Gained mutation: You occasionally lose the ability to read
                  | scrolls when taking damage. [a neqoxec]
 23105 | D:14     | Killed Laowois's ghost
 23116 | D:14     | Identified the ring of Woduiz {rN++ Int+6}
 23136 | D:14     | Lost mutation: You occasionally lose the ability to read
                  | scrolls when taking damage. [potion of mutation]
 23136 | D:14     | Gained mutation: You are dopey. (Int -2) [potion of
                  | mutation]
 23136 | D:14     | Gained mutation: You are partially covered in iridescent
                  | scales. (AC +2) [potion of mutation]
 23136 | D:14     | Gained mutation: You are frail. (-10% HP) [potion of
                  | mutation]
 23136 | D:14     | Gained mutation: You have supernaturally acute eyesight.
                  | (SInv) [potion of mutation]
 23137 | D:14     | Lost mutation: You are frail. (-10% HP) [potion of
                  | mutation]
 23137 | D:14     | Lost mutation: You are partially covered in iridescent
                  | scales. (AC +2) [potion of mutation]
 23137 | D:14     | Lost mutation: You are dopey. (Int -2) [potion of mutation]
 23137 | D:14     | Gained mutation: Your movements are slightly less
                  | encumbered by armour. (ER -2) [potion of mutation]
 23137 | D:14     | Gained mutation: You possess an exceptional clarity of
                  | mind. [potion of mutation]
 23425 | Spider:1 | Entered Level 1 of the Spider Nest
 23630 | Spider:1 | Reached skill level 14 in Dodging
 23808 | Spider:1 | Noticed Mlioglotl
 23813 | Spider:1 | Noticed a lich
 24148 | Spider:1 | Killed Mlioglotl
 24556 | Spider:2 | Noticed Arachne
 24581 | Spider:2 | Killed Arachne
 24582 | Spider:2 | Reached XP level 17. HP: 84/108 MP: 25/32
 24987 | Spider:2 | Noticed Nikola
 24996 | Spider:2 | Killed Nikola
 25353 | Spider:3 | Noticed Kirke
 25354 | Spider:3 | Noticed Azrael
 25365 | Spider:3 | Killed Kirke
 25366 | Spider:3 | Reached skill level 15 in Dodging
 25370 | Spider:3 | Killed Azrael
 25849 | Spider:3 | Slain by a jumping spider

Illustrated notes

Levels and vault maps discovered:
D:1:      psy_arrival_basics, layout_basic
D:2:      layout_basic, ebering_ecumenical_altar_webs, basic_altar,
          grunt_ministairs_2, minmay_quantized, uniq_robin
D:3:      layout_basic, nicolae_ashenzari_skybound, uniq_ijyb
D:4:      layout_cave_pods, lightli_sewer_entry_pipes, uniq_eustachio
D:5:      layout_basic, serial_shops, shop
D:6:      layout_cave_pools, serial_shops, shop, uniq_menkaure, uniq_sigmund,
          uniq_duvessa
D:7:      layout_basic, mainiacjoe_overflow_catwalk_spiral,
          minmay_temple_entry_proselytizer
D:8:      layout_loops_ring, david_lair_generic, amcnicky_mini_corridor_feature,
          uniq_maurice, uniq_psyche
D:9:      layout_basic, hangedman_abyss_or_decor_clamps
D:10:     layout_rooms, nicolae_vehumet_altar_sigil,
          minmay_orc_entry_temple_small, uniq_amaemon, uniq_nergalle
D:11:     layout_irregular_city
D:12:     nicolae_BIG_FREAKIN_CUBE, layout_basic, minmay_misc_feat_room
D:13:     layout_roguey [special_room_orc], david_vaults_2,
          biasface_ghost_orc_armoury, chequers_serial_rivers_micro_d
D:14:     layout_rooms, reono_crystal_passage, gammafunk_ghost_stat_death,
          drop_trap, fedhas_ov_isle_minmay
D:15:     gammafunk_depths_entry_grave, layout_stronghold, serial_ice,
          serial_ice_c, serial_ice_j, serial_ice_a, serial_ice_d,
          portal_ice_cave_entry_dragon, ebering_ghost_gozag, st_stairs_1,
          serial_park_tiny_2
Temple:   nicolae_temple_bog_church
Lair:1:   beast_lair_carwin_large_2, layout_cave_pods,
          grunt_forest_large_clearing_hut
Lair:2:   layout_hall_layers, minmay_shoals_entry_hut, serial_forest,
          infiniplex_forest_zigzag_1, infiniplex_forest_clump_double,
          infiniplex_forest_clump_tiny, infiniplex_forest_corner_1,
          infiniplex_forest_lined_corner, infiniplex_forest_corner_1,
          infiniplex_forest_straight_2, infiniplex_forest_clump_medium,
          chequers_serial_rivers_micro_d
Lair:3:   layout_hall_layers, spider_nest_entry_funnel_web, serial_rivers,
          chequers_serial_rivers_micro_e, chequers_serial_rivers_micro_a,
          chequers_serial_rivers_micro_a, chequers_serial_rivers_small_3,
          chequers_serial_rivers_large_a, nicolae_lair_liquid_snakes
Lair:4:   layout_big_grid, grunt_megastairs_1
Lair:5:   cheibrodos_lair_end_hotspot, layout_loops_ring,
          minmay_slime_entry_oklob_enclosed
Spider:1: layout_spider_delve, uniq_mlioglotl
Spider:2: layout_spider_delve, uniq_arachne, uniq_nikola
Spider:3: layout_spider_delve, uniq_kirke, uniq_azrael, uniq_agnes
Orc:1:    layout_caves, minmay_orc_temple_a, uniq_harold
Orc:2:    kennysheep_orc_mage_school, layout_diamond_mine, basic_altar,
          uniq_donald, uniq_jorgrun

Skill      XL: |  1  2  3  4  5  6  7  8  9 10 11 12 13 14 15 16 17 |
---------------+----------------------------------------------------+-----
Ice Magic      | 4 5 6 7 |  7.0
Fighting       | 1 2 4 5 7 8 10 11 12 13 | 13.0
Spellcasting   | 3 4 5 7 8 9 10 | 10.0
Dodging        | 3 4 7 10 11 12 13 14 15 | 15.2
Summonings     | 3 6 |  6.0
Evocations     | 4 |  4.0
Short Blades   | 3 4 5 8 |  8.0
Invocations    | 2 4 5 7 8 9 11 | 11.6
Stealth        | 4 6 8 9 11 12 | 12.0
Shields        | 6 7 |  7.0
Air Magic      | 1 5 7 |  7.0
Translocations | 1 3 5 |  5.0

Action                     |  1- 3 |  4- 6 |  7- 9 | 10-12 | 13-15 | 16-18 || total
---------------------------+-------+-------+-------+-------+-------+-------++-------
  Melee: Unarmed           |     3 |       |       |       |       |       ||     3
         Short sword       |     4 |       |    43 |   193 |       |       ||   240
         Dagger            |     1 |    52 |    83 |       |       |       ||   136
         Kick              |       |    14 |    39 |   180 |   640 |   478 ||  1351
         Peck              |       |     8 |    31 |   123 |   408 |   298 ||   868
         Quick blade       |       |       |       |   324 |  1432 |  1053 ||  2809
         Punch             |       |       |       |     6 |       |       ||     6
   Cast: Freeze            |    54 |    61 |    88 |    21 |     7 |       ||   231
         Frozen Ramparts   |     3 |     8 |    30 |    38 |    34 |    10 ||   123
         Ozocubu's Armour  |       |       |    10 |    21 |    21 |     9 ||    61
         Summon Ice Beast  |       |       |    15 |     9 |     3 |       ||    27
         Lesser Beckoning  |       |       |       |       |    11 |     8 ||    19
         Vhi's Electric Ch |       |       |       |       |     6 |    22 ||    28
         Swiftness         |       |       |       |       |     1 |       ||     1
 Invoke: Stomp             |       |       |       |     2 |     2 |    15 ||    19
         Grand Finale      |       |       |       |       |     6 |     5 ||    11
         Line Pass         |       |       |       |       |     1 |     6 ||     7
  Evoke: Wand              |       |       |    10 |       |     3 |     4 ||    17
         Box of beasts     |       |       |       |       |       |     1 ||     1
         Phial of floods   |       |       |       |       |       |     1 ||     1
    Use: Scroll            |     2 |     2 |    10 |    10 |    10 |     4 ||    38
         Potion            |       |       |     1 |     1 |     2 |    13 ||    17
   Stab: Sleeping          |       |     1 |     3 |     9 |    12 |    16 ||    41
         Paralysed         |       |       |     1 |    34 |    81 |    70 ||   186
         Petrified         |       |       |       |       |     6 |       ||     6
         Confused          |       |       |       |       |     2 |     5 ||     7
         Invisible         |       |       |       |       |     1 |     7 ||     8
         Distracted        |       |       |       |       |     1 |     1 ||     2
 Armour: Robe              |     8 |    14 |    22 |    39 |       |       ||    83
         Troll leather arm |       |       |       |    53 |   142 |   118 ||   313
  Dodge: Dodged            |    36 |    37 |   114 |   383 |   484 |   502 ||  1556
  Block: Buckler           |       |       |       |    19 |   194 |   173 ||   386
